 Dungeon Crawl Stone Soup version 0.25-a0-731-g0472a16d6a (webtiles) character file.

Game seed: 8753762198147951794, levelgen mode: deterministic

933 kae the Ruffian (level 7, 0/52 HPs)
             Began as a Black Draconian Transmuter on Apr 8, 2020.
             Slain by a gnoll sergeant
             ... wielding a +0 spear
              (4 damage)
             ... on level 4 of the Dungeon.
             The game lasted 00:05:37 (4862 turns).

kae the Ruffian (Black Draconian Transmuter)        Turns: 4862, Time: 00:05:37

Health: 0/52       AC:  6    Str: 12    XL:     7   Next: 86%
Magic:  9/13       EV: 27    Int: 16    God:
Gold:   155        SH:  0    Dex: 11    Spells: 8/14 levels left

rFire    . . .     SeeInvis .     - Unarmed
rCold    . . .     Gourm    .   (no shield)
rNeg     . . .     Faith    .   (armour unavailable)
rPois    .         Spirit   .   (helmet restricted)
rElec    +         Reflect  .   (no cloak)
rCorr    .         Harm     .   (no gloves)
MR       .....                  (no boots)
Stlth    +.........             b - amulet of the acrobat
HPRegen  0.17/turn              m - ring of flight
MPRegen  0.13/turn              (no ring)

@: about to teleport, short of breath, acrobat, very slightly contaminated
A: breathe lightning, unfitting armour, electricity resistance, cold-blooded, AC
+6
a: Breathe Lightning, Evoke Flight


You were on level 4 of the Dungeon.
You were hungry.

You visited 1 branch of the dungeon, and saw 4 of its levels.
You also visited: Ossuary.

You collected 155 gold pieces.

Inventory:

Missiles
 a - 27 arrows
Jewellery
 b - an amulet of the acrobat (around neck)
 i - a cursed ring of protection from magic {unknown}
 m - a ring of flight (left hand)
Wands
 d - a wand of flame (11)
 g - a wand of enslavement (12)
Scrolls
 e - 2 scrolls of enchant armour
 f - a scroll of magic mapping
 k - 3 scrolls of teleportation
 n - a scroll of fog
 q - a scroll of amnesia
 t - a scroll of remove curse
Potions
 h - a potion of stabbing
 j - 2 potions of haste {unknown}
 l - a potion of mutation
 o - a potion of might
 p - a potion of berserk rage
 r - 2 potions of curing
 s - a potion of flight {unknown}
 w - a potion of degeneration {unknown}
Comestibles
 c - 4 rations


   Skills:
 - Level 1.1 Fighting
 - Level 1.7 Dodging
 * Level 7.0 Unarmed Combat
 + Level 4.4 Spellcasting
 + Level 4.8 Transmutations


You had 8 spell levels left.
You knew the following spells:

 Your Spells              Type           Power        Failure   Level  Hunger
a - Beastly Appendage     Tmut           ###...       2%          1    None
b - Sticks to Snakes      Tmut           ###.....     3%          2    ##.....
c - Spider Form           Tmut/Pois      ##........   19%         3    ###....

Your spell library contained the following spells:

 Spells                   Type           Power        Failure   Level  Hunger
 Ice Form                 Ice/Tmut       ##......     52%         4    ####...
 Blade Hands              Tmut           ###.......   52%         5    ######.


Dungeon Overview and Level Annotations

Branches:
Dungeon (4/15)            Ossuary (visited)
 Temple: D:4-7

Altars:
Dithmenos
Ru
Trog
Xom

Annotations:
D:2 Terence


Innate Abilities, Weirdness & Mutations

You can breathe wild blasts of lightning.
Your glossy black scales are hard. (AC +6)
You cannot fit into any form of body armour.
You are resistant to electric shocks. (rElec)
You are cold-blooded and may be slowed by cold attacks.


Message History

The gnoll sergeant hits you from afar with a +0 spear!
You hit the gnoll but do no damage.
The gnoll is almost dead.
The gnoll misses you. Something hits you. The gnoll hits you with a +0 flail!
* * * LOW HITPOINT WARNING * * *
The gnoll shouts!
The gnoll sergeant completely misses you.
The gnoll throws a throwing net.
Something gets caught in the net!
You hear some strange, mumbled words.
A puff of frost appears from out of thin air!
The puff of frost misses you.
Something wriggles in the net.
As you read the scroll of teleportation, it crumbles to dust.
You feel strangely unstable.
Something wriggles in the net.
The gnoll sergeant completely misses you.
The gnoll hits you from afar with a +2 vampiric spear.
* * * LOW HITPOINT WARNING * * *
Something wriggles in the net.
Something wriggles in the net.
All of a sudden the net rips apart!
The gnoll sergeant hits you from afar with a +0 spear.
You die...

............ ##...........
#........... ###########
...#......# #..#..#.#.##
#.#....# ##
##..........###......##.##
#...........#.............
###..........#..)#.....#..#
.......gg@.....###...###..
######?.##.........!# #...##.#.
#...#....#...gg.....# ##.......
............)....>%.# ###.....
... #../.#..........# ##......
....#....#...g$.....# #..#....
.........###....##.## #.......
##.......###..#.##... ##.##....
#.##....)##...........#........


You could see a gnoll sergeant and 4 gnolls.

Vanquished Creatures
  A phantom (D:4)
  A water moccasin zombie (Ossuary)
  A scorpion (D:4)
  A howler monkey (D:4)
  2 bullfrog zombies (Ossuary)
  A centaur skeleton (D:4)
  2 orc priests
  11 mummies (Ossuary)
  A worker ant (D:4)
  3 orc wizards
  3 killer bee zombies (Ossuary)
  A hound zombie (Ossuary)
  A howler monkey zombie (Ossuary)
  3 worker ant zombies (Ossuary)
  A gnoll (D:4)
  3 adders
  An ooze (D:2)
  2 adder zombies (Ossuary)
  3 dart slugs
  2 leopard geckos
  8 orcs
  A giant cockroach (D:4)
  2 goblins
  8 hobgoblins
  10 jackals
  5 kobolds
  3 quokkas
  2 bats (D:3)
  5 frilled lizards
  A giant cockroach zombie (Ossuary)
  A jackal zombie (Ossuary)
  A quokka skeleton (D:4)
  3 rats
94 creatures vanquished.

Vanquished Creatures (collateral kills)
  An adder (D:4)
1 creature vanquished.

Grand Total: 95 creatures vanquished

Notes
Turn   | Place    | Note
-------+----------+-------------------------------------------
     0 | D:1      | kae the Draconian Transmuter began the quest for the Orb.
     0 | D:1      | Reached XP level 1. HP: 16/16 MP: 3/3
   256 | D:1      | Reached XP level 2. HP: 16/23 MP: 3/5
   778 | D:2      | Found a shimmering altar of Xom.
  1105 | D:2      | Reached XP level 3. HP: 15/28 MP: 4/6
  1302 | D:2      | Found a bloodstained altar of Trog.
  1310 | D:2      | Noticed Terence
  1315 | D:2      | Learned a level 2 spell: Sticks to Snakes
  1319 | D:2      | Learned a level 3 spell: Spider Form
  1606 | D:2      | Found a shadowy altar of Dithmenos.
  1746 | D:2      | Found a sacrificial altar of Ru.
  1770 | D:2      | Reached skill level 4 in Unarmed Combat
  2158 | D:3      | Reached XP level 4. HP: 31/35 MP: 7/7
  2544 | D:3      | Reached XP level 5. HP: 34/40 MP: 5/9
  3113 | D:4      | Noticed an ogre
  3153 | D:4      | Noticed a phantom
  3199 | D:4      | Killed a phantom
  3199 | D:4      | Reached skill level 5 in Unarmed Combat
  3199 | D:4      | Reached XP level 6. HP: 47/47 MP: 9/11
  3418 | D:4      | Found a sand-covered staircase.
  3425 | Ossuary  | Entered an ossuary
  3453 | Ossuary  | Reached skill level 6 in Unarmed Combat
  3453 | Ossuary  | Your scales start taking on a glossy black colour.
  3453 | Ossuary  | Reached XP level 7. HP: 17/52 MP: 4/12
  3453 | Ossuary  | Gained mutation: You are resistant to electric shocks.
                  | (rElec) [Black Draconian growth]
  4649 | Ossuary  | Reached skill level 7 in Unarmed Combat
  4862 | D:4      | Slain by a gnoll sergeant

Levels and vault maps discovered:
D:1:      psy_arrival_terrarium, layout_loops_ring
D:2:      layout_basic, old_standard_altar, overflow_temple_1_default,
          nicolae_ru_path_of_blood, kennysheep_donut, grunt_dithmenos_smoke,
          uniq_terence
D:3:      layout_loops_ring, minivault_4, nrook_loot_triangle
D:4:      layout_cave_pools, chequers_ossuary_entry_cave,
          minmay_misc_feat_hallway

Skill      XL: |  1  2  3  4  5  6  7 |
---------------+----------------------+-----
Unarmed Combat | 4 5 6 7 |  7.0
Transmutations | 3 4 |  4.8
Spellcasting   | 3 4 |  4.4
Fighting       | |  1.1
Dodging        | |  1.7

Action                   |  1- 3 |  4- 6 |  7- 9 || total
-------------------------+-------+-------+-------++-------
Melee: Unarmed           |   120 |   126 |   149 ||   395
       Tailslap          |    14 |     6 |     5 ||    25
       Kick              |     8 |     1 |       ||     9
       Headbutt          |     6 |     5 |       ||    11
       Punch             |       |     2 |     1 ||     3
 Cast: Beastly Appendage |    19 |     6 |       ||    25
       Spider Form       |       |    10 |    14 ||    24
       Sticks to Snakes  |       |     1 |       ||     1
 Abil: Breathe Lightning |       |       |     1 ||     1
  Use: Scroll            |     4 |     5 |     5 ||    14
       Potion            |       |     3 |     2 ||     5
 Stab: Distracted        |       |     1 |     3 ||     4
  Eat: Chunk             |     3 |     6 |     3 ||    12
       Ration            |       |       |     1 ||     1
Armor: Skin              |    27 |    26 |    12 ||    65
Dodge: Dodged            |    66 |    71 |    76 ||   213

Table legend:
 A = Non-vault XP
 B = Vault XP
 C = Vault XP percentage of total XP
 D = Non-vault monster count
 E = Vault monster count
 F = Vault count percentage of total count
                 A         B        C        D         E       F
            +---------+---------+-------+---------+---------+-------
      Total |     703 |     631 |  47.3 |      69 |      26 |  27.4
            +---------+---------+-------+---------+---------+-------
        D:1 |      25 |       0 |   0.0 |      14 |       0 |   0.0
        D:2 |     145 |       0 |   0.0 |      20 |       0 |   0.0
        D:3 |      92 |       0 |   0.0 |      19 |       0 |   0.0
        D:4 |     441 |       0 |   0.0 |      16 |       0 |   0.0
    Ossuary |       0 |     631 | 100.0 |       0 |      26 | 100.0
            +---------+---------+-------+---------+---------+-------
